 Dungeon Crawl Stone Soup version 0.20-a0-1006-ge6c5631 (webtiles) character file.

153 FastMan the Chopper (level 5, -5/47 HPs)
             Began as a Minotaur Berserker on Apr 14, 2017.
             Was a Believer of Trog.
             Slain by SFR's ghost (6 damage)
             ... on level 3 of the Dungeon.
             The game lasted 00:01:09 (1607 turns).

FastMan the Chopper (Minotaur Berserker)            Turns: 1607, Time: 00:01:10

Health: -5/47      AC:  2    Str: 21    XL:     5   Next: 12%
Magic:  4/4        EV: 13    Int:  4    God:    Trog [**....]
Gold:   106        SH:  0    Dex: 11    Spells: 4/4 levels left

rFire    . . .     SeeInvis .   a - +0 hand axe
rCold    . . .     Gourm    .   (no shield)
rNeg     . . .     Faith    .   b - +0 animal skin
rPois    .         Spirit   .   (helmet restricted)
rElec    .         Reflect  .   (no cloak)
rCorr    .         Harm     .   (no gloves)
MR       ++...                  (no boots)
Stlth    +.........             (no amulet)
Regen    1.2/turn               (no ring)
MPRegen  0.1/turn               (no ring)

@: exhausted, regenerating, slowed, very slow
A: retaliatory headbutt, horns 2
a: Berserk, Trog's Hand, Burn Spellbooks, Renounce Religion


You were on level 3 of the Dungeon.
You worshipped Trog.
Trog was pleased with you.
You were very hungry.

You visited 1 branch of the dungeon, and saw 3 of its levels.

You collected 106 gold pieces.

Inventory:

Hand Weapons
 a - a +0 hand axe (weapon)
Armour
 b - a +0 animal skin (worn)
Jewellery
 l - a +2 ring of strength {unknown}
 o - a cursed ring of loudness {unknown}
Scrolls
 e - a scroll of noise {unknown}
 f - 3 scrolls of recharging {unknown}
 g - 3 scrolls of identify {unknown}
 i - 3 scrolls of remove curse {unknown}
 j - a scroll of random uselessness {unknown}
 k - a scroll of fog {unknown}
 n - a scroll of amnesia {unknown}
 q - a scroll of teleportation {unknown}
Potions
 d - a potion of haste {unknown}
 h - a potion of invisibility {unknown}
 r - a potion of curing {unknown}
Comestibles
 c - 2 bread rations {@e1}
 m - a meat ration {@e2}
 p - 17 chunks of flesh
 s - 4 fruits {@e4}


   Skills:
 + Level 4.7 Fighting
 * Level 5.4 Axes
 + Level 3.3 Armour
 + Level 2.9 Dodging


You had 4 spell levels left.
You didn't know any spells.

Dungeon Overview and Level Annotations

Branches:
Dungeon (3/15)

Altars:
Gozag
Uskayaw

Annotations:
D:3 SFR's ghost, amateur OgWz


Innate Abilities, Weirdness & Mutations

You reflexively headbutt those who attack you in melee.
You have a pair of horns on your head.


Message History

The magic dart hits you!
* * * LOW HITPOINT WARNING * * *
SFR's ghost hits you.
* * * LOW HITPOINT WARNING * * *
Unknown command.
Okay, then.
You're too confused!
You bump into the stone wall.
You feel less confused. SFR's ghost misses you. You furiously retaliate!
You headbutt SFR's ghost.
Unknown command.
Unknown command.
Your skin crawls.
You feel resistant to hostile enchantments.
You feel somewhat more hungry.
SFR's ghost gestures at you while chanting.
The magic dart hits you!
* * * LOW HITPOINT WARNING * * *
SFR's ghost hits you.
You die...

## ## .#.# #.#
'#.#.# #.# #.#.#.#
#.#. .#.#.#.#
#.#.#. ####
#>#.#.#.# #.#.#.#
....
#.#.#.#.#ยง#.#.#.
##..
.#.#.#.#@#.#.#.#
#.#
.#.#.#.#W#.#.#.# ..
# .#.#.#.#.#.#.#.#
# ...#.#.#.#.#.#.#
#
....'#.#.#.#.#.#.#
####
....#.#.#.#.#.#.#.#
....
....#.#.#.#.#.#.#.#
....
##.#.#.#.#.#.#.#.#.
....
..#.#.#.#.#.#.#.#.
....


You could see SFR's ghost.

Vanquished Creatures
  An orc wizard (D:3)
  2 adders (D:2)
  6 gnolls
  A worm (D:2)
  A dart slug (D:1)
  3 orcs (D:3)
  A ball python (D:3)
  5 bats
  2 giant cockroaches
  5 goblins
  4 hobgoblins
  5 jackals (D:3)
  2 quokkas (D:2)
  3 frilled lizards
  3 kobolds
  2 rats
46 creatures vanquished.

Notes
Turn   | Place    | Note
-------+----------+-------------------------------------------
     0 | D:1      | FastMan the Minotaur Berserker began the quest for the Orb.
     0 | D:1      | Reached XP level 1. HP: 19/19 MP: 0/0
   159 | D:1      | Reached XP level 2. HP: 15/27 MP: 1/1
   331 | D:2      | Reached skill level 4 in Axes
   555 | D:2      | Reached XP level 3. HP: 17/33 MP: 2/2
   561 | D:2      | Reached ** piety under Trog
   846 | D:2      | Reached XP level 4. HP: 32/40 MP: 3/3
   884 | D:2      | Reached skill level 5 in Axes
  1175 | D:2      | Found an opulent altar of Gozag.
  1473 | D:3      | Noticed a dagger
  1473 | D:3      | Noticed a hand axe
  1474 | D:3      | Found a hide-covered altar of Uskayaw.
  1482 | D:3      | Reached XP level 5. HP: 34/47 MP: 4/4
  1578 | D:3      | Noticed SFR's ghost (amateur OgWz)
  1607 | D:3      | HP: 1/47 [SFR's ghost/magic dart (7)]
  1607 | D:3      | Slain by SFR's ghost

Vault maps used:
D:1:      dpeg_arrival_three_same_balls
D:2:      lemuel_crystal_altar, nicolae_overflow_hidden_temple, serial_glass,
          glass_columns_b, glass_columns_b
D:3:      dancing_weapons_uskayaw

Skill      XL: |  1  2  3  4 |
---------------+-------------+-----
Axes           | 4 5 |  5.4
Fighting       | 4 |  4.7
Armour         | 3 |  3.3
Dodging        | |  2.9

Action                   |  1- 3 |  4- 6 || total
-------------------------+-------+-------++-------
Melee: Hand axe          |    40 |    53 ||    93
       Headbutt          |     5 |    11 ||    16
Invok: Berserk           |     1 |     3 ||     4
       Trog's Hand       |       |     1 ||     1
 Stab: Sleeping          |       |     1 ||     1
  Eat: Chunk             |     1 |     4 ||     5
Armor: Animal skin       |     4 |     6 ||    10
Dodge: Dodged            |    36 |    38 ||    74
